 Dungeon Crawl Stone Soup version 0.30.1-11-g7821555f0a (webtiles) character file.

Game seed: 16802808898195529486

6958 Curundu the Severer (level 10, -1/120 HPs)
             Began as a Minotaur Berserker on Jan 12, 2024.
             Was an Elder of Trog.
             Slain by a death yak (14 damage)
             ... on level 10 of the Dungeon.
             The game lasted 00:29:46 (8741 turns).

Curundu the Severer (Minotaur Berserker)            Turns: 8741, Time: 00:29:46

Health: -1/120     AC: 15    Str: 27    XL:     10   Next: 81%
Magic:  0/9        EV: 11    Int:  4    God:    Trog [****..]
Gold:   418        SH:  0    Dex: 11    Spells: 9/9 levels left

rFire   . . .        C - +9 hammer "Beetle's Funeral" {venom, Str+2}
rCold   . . .        (no shield)
rNeg    . . .        p - +0 scale mail
rPois   +            u - +2 hat
rElec   .            B - +1 cloak {rPois}
rCorr   .            o - +1 pair of gloves
SInv    .            D - +1 pair of boots
Will    .....        j - amulet of guardian spirit Stlth
                     (no ring)
HPRegen 0.40/turn    (no ring)
MPRegen 0.11/turn

%: guardian spirit
@: berserking, very quick
A: horns 2, retaliatory headbutt
a: Renounce Religion, Berserk, Trog's Hand, Brothers in Arms


You were on level 10 of the Dungeon.
You worshipped Trog.
Trog was greatly pleased with you.
You visited 1 branch of the dungeon, and saw 10 of its levels.

You collected 418 gold pieces.

Inventory:

Hand Weapons
 C - the +9 hammer "Beetle's Funeral" (weapon) {venom, Str+2}
   (You found it on level 5 of the Dungeon)

   Str:       It affects your strength (+2).
Missiles
 i - a throwing net
 l - 11 poisoned darts (quivered)
 E - 4 javelins
Armour
 o - a +1 pair of gloves (worn)
 p - a +0 scale mail (worn)
 u - a +2 hat (worn)
 B - a +1 cloak of poison resistance (worn)
 D - a +1 pair of boots (worn)
Jewellery
 j - an amulet of guardian spirit (around neck)
 n - a +6 ring of dexterity
 w - a ring of fire
Wands
 t - a wand of digging (13)
 x - a wand of mindburst (7)
 y - a wand of charming (9)
 H - a wand of iceblast (4)
 I - a wand of flame (8)
Scrolls
 b - 8 scrolls of teleportation
 f - a scroll of blinking
 q - 2 scrolls of enchant armour
 F - a scroll of magic mapping
 J - a scroll of identify
Potions
 a - a potion of attraction {unknown}
 c - 2 potions of might
 d - 3 potions of lignification
 e - a potion of flight
 g - 3 potions of ambrosia
 h - 3 potions of haste
 k - a potion of magic
 m - 5 potions of curing
 r - a potion of degeneration {unknown}
 s - 2 potions of heal wounds {unknown}
 v - a potion of resistance
 z - a potion of brilliance {unknown}
 A - 3 potions of mutation {unknown}
 G - 2 potions of cancellation


   Skills:
 - Level 4.7 Fighting
 + Level 18.9 Axes
 - Level 2.8 Armour
 - Level 3.0 Dodging
 - Level 0.8 Stealth


You had 9 spell levels left.
You didn't know any spells.
Your spell library was empty.

Dungeon Overview and Level Annotations

Branches:
Dungeon (10/15)            Temple (0/1) D:4
   Lair: D:8-11         Orc: D:9-12

Altars:
Cheibriados
Elyvilon
Fedhas
Gozag
Hepliaklqana
Kikubaaqudgha
Nemelex Xobeh
Okawaru
Ru
Trog
Uskayaw
Vehumet
Wu Jian
Yredelemnul
The Shining One

Shops:
D:3 =   D:4 :*   D:8 *(


Innate Abilities, Weirdness & Mutations

You have a pair of horns on your head.
You reflexively headbutt those who attack you in melee.


Message History

You barely miss the death yak.
The death yak bellows!
You hear a bellow!
The death yak gores you!
You hit the death yak.
You headbutt the death yak, but do no damage.
The death yak is lightly wounded.
A yak comes into view. x2
The death yak gores you!
You sock the death yak!
The death yak is poisoned.
The death yak is lightly wounded.
The death yak gores you!
You barely miss the death yak.
The death yak is lightly wounded.
You sock the death yak!
The death yak looks as sick as possible!
You headbutt the death yak!
The death yak is heavily wounded.
The death yak barely misses you. You furiously retaliate!
You headbutt the death yak! You hit the death yak.
The death yak looks as sick as possible!
The death yak is severely wounded.
The death yak gores you!
* * * LOW HITPOINT WARNING * * *
You hit the death yak.
The death yak looks as sick as possible!
You punch the death yak.
The death yak is severely wounded.
The death yak gores you!
* * * LOW HITPOINT WARNING * * *
You hit the death yak.
The death yak looks as sick as possible!
The death yak is severely wounded.
The death yak gores you!
* * * LOW HITPOINT WARNING * * *
You feel better.
The death yak gores you but does no damage.
A red film seems to cover your vision as you go berserk!
You feel yourself moving faster!
You feel mighty! The death yak gores you!
You die...

#....# #.# ##.#..# #..
##..##§###.#
##....§.§...#
##..[§≈≈§≈§≈.#
#..##.≈§≈≈§§..
############.###.≈§§§≈§..
#.....Y##....# #.≈§.8§§..
#[...YlY@.#####>.≈≈≈§≈§..
#.....Y#### #..≈≈≈≈§≈..
#....YY# #..........
#......# #...?..#
#...Y... ...Y....#
........# ........#


You could see 2 death yaks, 3 yaks and a wyvern.

Vanquished Creatures
  A two-headed ogre (D:9)
  A death yak (D:10)
  The ghost of scisormetimb3rs the Trooper, a novice OgFi of Okawaru (D:6)
  Pikel (D:5)
  Maggie (D:7)
  A troll (D:9)
  Prince Ribbit (D:7)
  5 yaks (D:8)
  A steam dragon (D:7)
  A wyvern (D:8)
  An acid dragon (D:9)
  Duvessa (D:5)
  5 sky beasts
  2 black bears
  An orc warrior (D:6)
  An ice beast (D:7)
  An ogre (D:3)
  A lemure (D:5)
  2 centaurs
  Blork the orc (D:5)
  4 bullfrogs
  2 gnoll sergeants
  A scorpion (D:7)
  3 wights (D:9)
  Dowan (D:5)
  A howler monkey (D:6)
  An electric eel (D:9)
  3 jellies
  A gnoll bouda (D:6)
  3 hounds
  Crazy Yiuf (D:5)
  An iguana (D:6)
  7 orc wizards
  A sleepcap (D:6)
  6 hell rats (D:7)
  12 gnolls
  10 adders
  15 river rats
  3 white imps
  An ufetubus (D:4)
  2 worms
  2 dart slugs (D:3)
  28 orcs
  3 ball pythons
  5 bats
  4 endoplasms (D:1)
  3 giant cockroaches
  5 goblins
  7 hobgoblins
  9 jackals
  2 quokkas (D:1)
  4 frilled lizards
  6 kobolds
  9 rats
  A spectral kobold (D:4)
197 creatures vanquished.

Notes
Turn   | Place    | Note
-------+----------+-------------------------------------------
     0 | D:1      | Curundu the Minotaur Berserker began the quest for the Orb.
     0 | D:1      | Reached XP level 1. HP: 19/19 MP: 0/0
   184 | D:1      | Reached XP level 2. HP: 27/27 MP: 1/1
   217 | D:1      | Reached skill level 4 in Axes
   500 | D:1      | Reached ** piety under Trog
   725 | D:1      | Reached XP level 3. HP: 33/33 MP: 2/2
  2140 | D:3      | Reached XP level 4. HP: 41/41 MP: 3/3
  2168 | D:3      | Found a radiant altar of Vehumet.
  2299 | D:3      | Noticed an ogre
  2307 | D:3      | Killed an ogre
  2308 | D:3      | Reached skill level 5 in Axes
  2308 | D:3      | Reached XP level 5. HP: 47/47 MP: 4/4
  2309 | D:3      | Found Lyesimod's Jewellery Shop.
  2330 | D:3      | Noticed an eye of devastation
  2332 | D:3      | Found a faded altar of an unknown god.
  2334 | D:3      | Noticed an eye of devastation
  2334 | D:3      | Noticed a golden eye
  2334 | D:3      | Noticed a shining eye
  2417 | D:3      | Found a bloodstained altar of Trog.
  2582 | D:3      | Reached skill level 6 in Axes
  2935 | D:4      | Noticed a centaur
  2944 | D:4      | Killed a centaur
  2945 | D:4      | Reached skill level 7 in Axes
  2945 | D:4      | Reached XP level 6. HP: 51/53 MP: 2/5
  3101 | D:4      | Found a hide-covered altar of Uskayaw.
  3169 | D:4      | Found Xourare's Book Shoppe.
  3266 | D:4      | Found a staircase to the Ecumenical Temple.
  3478 | D:4      | Found a hazy altar of Hepliaklqana.
  3642 | D:4      | Found Caupap's General Store.
  3824 | D:5      | Entered Level 5 of the Dungeon
  3898 | D:5      | Reached skill level 8 in Axes
  4006 | D:5      | Reached XP level 7. HP: 53/60 MP: 4/6
  4108 | D:5      | Noticed Duvessa
  4108 | D:5      | Noticed Dowan
  4121 | D:5      | Killed Duvessa
  4122 | D:5      | Reached skill level 9 in Axes
  4130 | D:5      | Killed Dowan
  4130 | D:5      | Reached *** piety under Trog
  4237 | D:5      | Noticed Blork the orc
  4248 | D:5      | Killed Blork the orc
  4457 | D:5      | Found a runed translucent door.
  4458 | D:5      | Noticed Crazy Yiuf
  4464 | D:5      | Killed Crazy Yiuf
  4469 | D:5      | Identified the +9 hammer "Beetle's Funeral" {venom, Str+2}
  4528 | D:5      | Reached skill level 10 in Axes
  4637 | D:5      | Noticed Pikel
  4646 | D:5      | Killed Pikel
  4647 | D:5      | Reached skill level 11 in Axes
  4647 | D:5      | Reached XP level 8. HP: 34/67 MP: 2/7
  4760 | D:5      | Found a sacrificial altar of Ru.
  4764 | D:5      | Found a glowing golden altar of the Shining One.
  4927 | D:6      | Reached skill level 12 in Axes
  5091 | D:6      | Found a snail-covered altar of Cheibriados.
  5114 | D:6      | Found a runed translucent door.
  5118 | D:6      | Noticed scisormetimb3rs's ghost (novice OgFi)
  5135 | D:6      | Killed scisormetimb3rs's ghost
  5136 | D:6      | Reached skill level 14 in Axes
  5136 | D:6      | Reached XP level 9. HP: 62/72 MP: 6/8
  5146 | D:6      | Found a runed translucent door.
  5245 | D:6      | Found a blossoming altar of Fedhas.
  5764 | D:7      | Reached **** piety under Trog
  5830 | D:7      | Noticed Prince Ribbit
  5844 | D:7      | Killed Prince Ribbit
  5845 | D:7      | Reached skill level 15 in Axes
  5928 | D:7      | Found the +2 ratskin cloak {*Rats rPois rN+ Str-1 Int-1
                  | Dex+1}
  6017 | D:7      | Found an iron altar of Okawaru.
  6206 | D:7      | Reached skill level 16 in Axes
  6360 | D:7      | Found an ornate altar of the Wu Jian Council.
  6456 | D:7      | Noticed Maggie
  6469 | D:7      | Killed Maggie
  6470 | D:7      | Reached XP level 10. HP: 80/80 MP: 6/9
  6583 | D:8      | Found an ancient bone altar of Kikubaaqudgha.
  6609 | D:8      | Found Icauferph's Weapon Emporium.
  6803 | D:8      | Reached skill level 17 in Axes
  7061 | D:8      | Found a sparkling altar of Nemelex Xobeh.
  7233 | D:8      | Found Gozag's Platinum Reserve.
  7245 | D:8      | Found an opulent altar of Gozag.
  7899 | D:9      | Found a white marble altar of Elyvilon.
  7988 | D:9      | Reached ***** piety under Trog
  7995 | D:9      | Noticed a two-headed ogre
  8008 | D:9      | Killed a two-headed ogre
  8009 | D:9      | Reached skill level 18 in Axes
  8677 | D:10     | Entered Level 10 of the Dungeon
  8685 | D:10     | Found a basalt altar of Yredelemnul.
  8717 | D:10     | Noticed a death yak
  8717 | D:10     | Noticed a death yak
  8731 | D:10     | Killed a death yak
  8731 | D:10     | Noticed a death yak
  8739 | D:10     | HP: 1/80 [death yak (5)]
  8741 | D:10     | Slain by a death yak

Illustrated notes

Levels and vault maps discovered:
D:1:      sevenhm_arrival_forest_fort_large_4, layout_basic
D:2:      layout_basic
D:3:      layout_loops_ring, mainiacjoe_overflow_cross_hatched, trog_book,
          hellmonk_ecumenical_altar_watching_god, serial_shops,
          nicolae_shop_trees
D:4:      layout_basic, nicolae_hepliaklqana_monster_ancestors,
          nicolae_uskayaw_murder_on_the_dancefloor,
          minmay_temple_entry_glassed_door, serial_shops, kennysheep_little_box,
          kennysheep_small_circle
D:5:      layout_loops_ring, minitemple, nicolae_concentric_dashed_squares_wild,
          uniq_duvessa, uniq_blork_the_orc, uniq_pikel, uniq_crazy_yiuf_cottage
D:6:      minmay_chambers_of_fours, layout_rooms, mainiacjoe_overflow_alcove_4,
          fedhas_altar_2, ebering_ghost_sewer_f
D:7:      wander_guarded_unrand_ratskin, layout_rooms, kennysheep_mini_moat,
          mainiacjoe_overflow_six_doors_small, uniq_prince_ribbit1, uniq_maggie
D:8:      layout_gridville, mainiacjoe_overflow_24_doors,
          kiku_gazebo_garden_becter, nicolae_gozag_zags_fifth_avenue,
          serial_shops, shop
D:9:      layout_roguey, mainiacjoe_overflow_catwalk, fountainhead,
          evilmike_minifort
D:10:     hangedman_cross_stitches, layout_rooms, general_overflow_altar,
          dpeg_lair_monsters

Skill      XL: |  1  2  3  4  5  6  7  8  9 10 |
---------------+-------------------------------+-----
Fighting       | 4 |  4.7
Axes           | 4 5 7 8 11 14 16 18 | 18.9
Dodging        | 3 |  3.0
Armour         | |  2.8
Stealth        | |  0.8

Action                     |  1- 3 |  4- 6 |  7- 9 | 10-12 || total
---------------------------+-------+-------+-------+-------++-------
  Melee: Hand axe          |    94 |    90 |    34 |       ||   218
         Headbutt          |    11 |    13 |    37 |    20 ||    81
         Punch             |       |     2 |     2 |     3 ||     7
         Mace              |       |       |   179 |   109 ||   288
  Throw: Dart              |       |       |     2 |     4 ||     6
 Invoke: Trog's Hand       |       |     1 |     3 |     1 ||     5
         Berserk           |       |     1 |       |     2 ||     3
    Use: Scroll            |     8 |     2 |     9 |     2 ||    21
         Potion            |       |       |       |     1 ||     1
 Armour: Animal skin       |    11 |       |       |       ||    11
         Ring mail         |     4 |     7 |       |       ||    11
         Scale mail        |       |    50 |    92 |    51 ||   193
  Dodge: Dodged            |    62 |    73 |    95 |    57 ||   287
